 Dungeon Crawl Stone Soup version 0.24-a0-462-ge24419a6ad (console) character file.

Game seed: 12740103807648543111

221 Lexodia the Sneak (level 5, -1/35 HPs)
             Began as a Demonspawn Enchanter on July 1, 2019.
             Slain by a gnoll sergeant
             ... wielding a +1 trident of piercing
              (2 damage)
             ... on level 5 of the Dungeon.
             The game lasted 00:05:41 (2196 turns).

Lexodia the Sneak (Demonspawn Enchanter)            Turns: 2196, Time: 00:05:41

Health: -1/35      AC:  2    Str:  9    XL:     5   Next: 65%
Magic:  3/8        EV: 12    Int: 16    God:
Gold:   38         SH:  0    Dex: 14    Spells: 2/8 levels left

rFire    + . .     SeeInvis .   a - +1 dagger
rCold    . . .     Gourm    .   (no shield)
rNeg     . . .     Faith    .   b - +0 robe
rPois    .         Spirit   .   (no helmet)
rElec    .         Reflect  .   (no cloak)
rCorr    .         Harm     .   (no gloves)
MR       .....                  (no boots)
Stlth    +++.......             (no amulet)
HPRegen  0.11/turn              (no ring)
MPRegen  0.11/turn              (no ring)

@: very slightly contaminated
A: fire resistance 1, powered by pain 1, flame cloud immunity
a: no special abilities


You were on level 5 of the Dungeon.
You were not hungry.

You visited 1 branch of the dungeon, and saw 6 of its levels.

You collected 108 gold pieces.
You spent 70 gold pieces at shops.

Inventory:

Hand Weapons
 a - a +1 dagger (weapon)
Armour
 b - a +0 robe (worn)
Scrolls
 c - a scroll of blinking
 e - a scroll of identify
 f - 3 scrolls of fear
 g - 2 scrolls of teleportation
 j - a scroll of fog
 k - a scroll of magic mapping {unknown}
Potions
 h - a potion of lignification
Comestibles
 d - 5 rations
 i - 5 chunks of flesh


   Skills:
 + Level 3.4 Short Blades
 - Level 1.7 Dodging
 + Level 4.6 Stealth
 + Level 2.4 Spellcasting
 - Level 3.0 Hexes


You had 2 spell levels left.
You knew the following spells:

 Your Spells              Type           Power        Failure   Level  Hunger
a - Corona                Hex            ##.....      6%          1    #......
b - Ensorcelled Hibernat  Hex/Ice        #.....       16%         2    ###....
c - Confuse               Hex            ##......     17%         3    ###....

Your spell library contained the following spells:

 Spells                   Type           Power        Failure   Level  Hunger
 Slow                     Hex            ##......     9%          2    ###....
 Magic Dart               Conj           #...         21%         1    #......
 Blink                    Tloc           N/A          30%         2    ###....
 Call Imp                 Summ           #.......     30%         2    ###....
 Tukima's Dance           Hex            ##......     17%         3    ###....
 Dazzling Spray           Conj/Hex       #.....       32%         3    ###....
 Conjure Flame            Conj/Fire      #.......     52%         3    ###....
 Mephitic Cloud           Conj/Pois/Air  #.......     52%         3    ###....


Dungeon Overview and Level Annotations

Branches:
Dungeon (6/15)
 Temple: D:4-7

Altars:

Shops:
D:4 ?


Innate Abilities, Weirdness & Mutations

Your flesh is heat resistant. (rF+)
You sometimes gain a little power by taking damage.
You are immune to clouds of flame.


Message History

You impale the gnoll sergeant!!
The gnoll sergeant is severely wounded.
The gnoll sergeant hits you with a +1 trident of piercing!
The gnoll completely misses you. The gnoll hits you with a +0 club.
Huge Dmg: -37%(-13hp) hp: 63%(22hp)
Casting: Ensorcelled Hibernation (safe; 16% risk of failure)
Confirm with . or Enter, or press ? or * to list all spells.
Aiming: Ensorcelled Hibernation (safe; 16% risk of failure)
Press: ? - help, Shift-Dir - straight line, f - gnoll sergeant
Aim: a gnoll sergeant, wielding a +1 trident of piercing, wearing a cursed +0 ring mail and wearing a +0 shield (severely wounded, chance to defeat MR: 37%)
You miscast Ensorcelled Hibernation.
You are very lightly contaminated with residual magic.
You feel a strange surge of energy!
The gnoll sergeant hits you with a +1 trident of piercing.
The gnoll hits you with a +0 flail.
* * * LOW HITPOINT WARNING * * *
Huge Dmg: -40%(-14hp) hp: 23%(8hp)
The gnoll sergeant hits you from afar with a +1 trident of piercing!
* * * LOW HITPOINT WARNING * * *
You die...

#..#.##.#
........###.# #
.#.##........#
.#..
#.....#.###.##.#..
###+#............
#.#.###..#.#..
#...........
###.###..###.#.
#...@........
#####gg......
#g.......
#.####.#. .g. .
... ..... ###.# .#


You could see a gnoll sergeant and 3 gnolls.

Vanquished Creatures
  An ogre (D:4)
  A hound (D:4)
  2 iguanas (D:4)
  2 gnolls
  An adder (D:4)
  2 dart slugs
  5 orcs
  3 goblins
  4 jackals (D:3)
  A ball python (D:4)
  A bat (D:2)
  A jackal skeleton (D:3)
  A kobold (D:3)
  A rat (D:1)
26 creatures vanquished.

Vanquished Creatures (others)
  An ogre (D:5)
  A crimson imp (D:5)
  An adder (D:5)
  A leopard gecko (D:5)
  A frilled lizard (D:5)
5 creatures vanquished.

Grand Total: 31 creatures vanquished

Notes
Turn   | Place    | Note
-------+----------+-------------------------------------------
     0 | D:1      | Lexodia the Demonspawn Enchanter began the quest for the
                  | Orb.
     0 | D:1      | Reached XP level 1. HP: 13/13 MP: 3/3
    63 | D:1      | Huge Dmg: 3 dmg
    65 | D:1      | Reached skill level 1 in Short Blades
   102 | D:1      | Huge Dmg: 3 dmg
   404 | D:2      | Reached skill level 3 in Stealth
   426 | D:2      | Gained mutation: You sometimes gain a little power by
                  | taking damage. [demonic ancestry]
   426 | D:2      | Reached XP level 2. HP: 17/19 MP: 3/5
   453 | D:2      | Huge Dmg: 9 dmg
   455 | D:3      | Huge Dmg: 8 dmg
   739 | D:3      | Huge Dmg: 9 dmg
   751 | D:3      | Huge Dmg: 2 dmg
   753 | D:3      | Huge Dmg: 3 dmg
   756 | D:3      | Huge Dmg: 1 dmg
   778 | D:3      | Huge Dmg: 4 dmg
   785 | D:3      | Learned a level 2 spell: Ensorcelled Hibernation
   957 | D:4      | Noticed an ogre
   963 | D:4      | Huge Dmg: 15 dmg
  1022 | D:4      | Killed an ogre
  1022 | D:4      | Reached skill level 4 in Stealth
  1022 | D:4      | Gained mutation: Your flesh is heat resistant. (rF+)
                  | [demonic ancestry]
  1022 | D:4      | Reached XP level 3. HP: 10/24 MP: 1/6
  1022 | D:4      | Gained mutation: You are immune to clouds of flame.
                  | [demonic ancestry]
  1022 | D:4      | Reached XP level 4. HP: 12/30 MP: 1/7
  1276 | D:4      | Learned a level 3 spell: Confuse
  1285 | D:4      | Reached XP level 5. HP: 30/35 MP: 2/8
  1298 | D:4      | Found Pasch's Magic Scroll Shop.
  1301 | D:4      | Bought a scroll of identify for 20 gold pieces
  1301 | D:4      | Bought a scroll of fog for 20 gold pieces
  1301 | D:4      | Bought a scroll of teleportation for 30 gold pieces
  1666 | D:4      | Huge Dmg: 7 dmg
  1670 | D:4      | Huge Dmg: 5 dmg
  1674 | D:4      | Huge Dmg: 7 dmg
  1677 | D:4      | Huge Dmg: 5 dmg
  2062 | D:5      | Entered Level 5 of the Dungeon
  2095 | D:5      | Killed an ogre
  2195 | D:5      | Huge Dmg: 13 dmg
  2196 | D:5      | Huge Dmg: 14 dmg
  2196 | D:5      | HP: 1/35 [gnoll sergeant/+1 trident of piercing (7)]
  2196 | D:5      | Slain by a gnoll sergeant

Levels and vault maps discovered:
D:1:      dpeg_arrival_refuge, layout_basic
D:2:      layout_basic, first_ration
D:3:      layout_basic, nicolae_overflow_quartered_altars,
          chequers_ecumenical_altar_simple_redux, serial_glass, glass_columns_b,
          glass_columns_a, glass_columns_a, glass_columns_b, glass_columns_c,
          glass_columns_c, glass_columns_b, glass_columns_b
D:4:      layout_layer_cave, serial_shops, kennysheep_mini, sigmund_army
D:5:      layout_basic, supply_closet_lemuel, xom_confusion_cloud, uniq_duvessa,
          uniq_menkaure
D:6:      layout_rooms, minmay_temple_entry_tees

Skill      XL: |  1  2  3  4 |
---------------+-------------+-----
Short Blades   | 1 2 3 |  3.4
Stealth        | 3 4 |  4.6
Dodging        | |  1.7
Spellcasting   | |  2.4
Hexes          | |  3.0

Action                   |  1- 3 |  4- 6 || total
-------------------------+-------+-------++-------
Melee: Dagger            |    43 |    28 ||    71
 Cast: Corona            |     6 |     1 ||     7
       Ensorcelled Hiber |     3 |    13 ||    16
       Confuse           |       |     2 ||     2
  Use: Potion            |     2 |       ||     2
       Scroll            |       |     3 ||     3
 Stab: Sleeping          |     3 |    10 ||    13
       Confused          |       |     1 ||     1
  Eat: Chunk             |       |     6 ||     6
Armor: Robe              |     2 |     1 ||     3
Dodge: Dodged            |    48 |    17 ||    65

Table legend:
 A = Non-vault XP
 B = Vault XP
 C = Vault XP percentage of total XP
 D = Non-vault monster count
 E = Vault monster count
 F = Vault count percentage of total count
                 A         B        C        D         E       F
            +---------+---------+-------+---------+---------+-------
      Total |     300 |      17 |   5.4 |      24 |       2 |   7.7
            +---------+---------+-------+---------+---------+-------
        D:1 |       9 |       0 |   0.0 |       4 |       0 |   0.0
        D:2 |       5 |       0 |   0.0 |       2 |       0 |   0.0
        D:3 |      12 |       0 |   0.0 |       7 |       0 |   0.0
        D:4 |     248 |      17 |   6.4 |       6 |       2 |  25.0
        D:5 |      20 |       0 |   0.0 |       3 |       0 |   0.0
        D:6 |       6 |       0 |   0.0 |       2 |       0 |   0.0
            +---------+---------+-------+---------+---------+-------
